 Dungeon Crawl Stone Soup version 0.21.1-1-g345015f (webtiles) character file.

1353 batai666 the Digger (level 8, -9/44 HPs)
             Began as a Gargoyle Earth Elementalist on Feb 14, 2018.
             Was an Initiate of Vehumet.
             Mangled by an orc warrior
             ... wielding a +0 great sword
              (20 damage)
             ... on level 5 of the Dungeon.
             The game lasted 00:44:46 (6218 turns).

batai666 the Digger (Gargoyle Earth Elementalist)   Turns: 6218, Time: 00:44:47

Health: -9/44      AC: 12    Str: 13    XL:     8   Next: 63%
Magic:  1/15       EV: 12    Int: 17    God:    Vehumet [......]
Gold:   154        SH:  0    Dex: 10    Spells: 8/17 levels left

rFire    . . .     SeeInvis .   k - +2 whip (elec)
rCold    . . .     Gourm    .   (no shield)
rNeg     + + .     Faith    .   c - +0 robe
rPois    ∞         Spirit   .   u - +0 helmet
rElec    +         Reflect  .   l - +2 cloak
rCorr    .         Harm     .   (no gloves)
MR       .....                  (no boots)
Stlth    +++.......             (no amulet)
HPRegen  0.14/turn              m - ring of stealth
MPRegen  0.14/turn              y - ring of positive energy

@: very slightly contaminated
A: negative energy resistance 1, electricity resistance, unbreathing,
petrification resistance, rot immunity, AC +5
a: Renounce Religion


You were on level 5 of the Dungeon.
You worshipped Vehumet.
Vehumet was noncommittal.
You were not hungry.

You visited 1 branch of the dungeon, and saw 5 of its levels.

You collected 154 gold pieces.

Inventory:

Hand Weapons
 k - a +2 whip of electrocution (weapon)
 n - a +1 dagger of venom
 r - a +0 flail
Missiles
 b - 49 stones (quivered)
Armour
 c - a +0 robe (worn)
 l - a +2 cloak (worn)
 u - a +0 helmet (worn)
Jewellery
 m - a ring of stealth (left hand)
 y - a ring of positive energy (right hand)
Wands
 s - a wand of iceblast (8)
Scrolls
 a - 2 scrolls of remove curse
 f - 3 scrolls of identify
 h - a scroll of fear {unknown}
 o - a scroll of magic mapping
 t - a scroll of amnesia {unknown}
Potions
 g - a potion of flight {unknown}
 i - a potion of brilliance {unknown}
 j - a potion of ambrosia {unknown}
 p - a potion of magic
 q - a potion of lignification {unknown}
 w - a potion of berserk rage
Books
 e - a book of Geomancy

   Spells                             Type                      Level
   a - Sandblast                      Earth                        1
   b - Passwall                       Transmutation/Earth          2
   c - Stone Arrow                    Conjuration/Earth            3
   d - Petrify                        Transmutation/Earth          4
   e - Lee's Rapid Deconstruction     Earth                        5
 x - a book of Misfortune

   Spells                             Type                      Level
   a - Confusing Touch                Hexes                        1
   b - Confuse                        Hexes                        3
   c - Gell's Gravitas                Translocation                3
   d - Petrify                        Transmutation/Earth          4
   e - Metabolic Englaciation         Hexes/Ice                    5
   f - Yara's Violent Unravelling     Hexes/Transmutation          5
Comestibles
 d - 6 rations


   Skills:
 + Level 2.0 Fighting
 + Level 1.8 Maces & Flails
 + Level 2.2 Armour
 + Level 2.3 Dodging
 - Level 2.1 Stealth
 + Level 5.2 Spellcasting
 + Level 5.0 Conjurations
   Level 0.7 Transmutations
 + Level 7.3 Earth Magic
 + Level 1.7 Evocations


You had 8 spell levels left.
You knew the following spells:

 Your Spells              Type           Power        Failure   Level  Hunger
a - Sandblast             Erth           ####..       1%          1    None
b - Stone Arrow           Conj/Erth      ####..       3%          3    ###....
c - Lee's Rapid Deconstr  Erth           ####......   19%         5    ######.


Dungeon Overview and Level Annotations

Branches:
Dungeon (5/15)
 Temple: D:4-7

Altars:
Elyvilon
Hepliaklqana
Nemelex Xobeh
Vehumet
Yredelemnul
The Shining One


Innate Abilities, Weirdness & Mutations

You are resistant to torment.
Your stone body is resilient. (AC +5)
You are immune to poison.
You resist negative energy. (rN+)
You are resistant to electric shocks. (rElec)
You can survive without breathing.
You are immune to petrification.
You are immune to rotting.


Message History

Casting: Sandblast
Confirm with . or Enter, or press ? or * to list all spells.
Aiming: Sandblast
Press: ? - help, Shift-Dir - straight line, f - orc warrior
Aim: an orc warrior, wielding a great sword and wearing a plate armour (moderately wounded)
The blast of sand hits the orc warrior.
The orc warrior is moderately wounded.
b - 49 stones The gnoll sergeant hits you from afar with a trident.
* * * LOW HITPOINT WARNING * * *
As you read the scroll labeled LUVAIC VETIP, it crumbles to dust.
Wisps of shadow whirl around you...
It was a scroll of summoning.
The wyvern completely misses your adder skeleton.
The orc warrior closely misses you. The wyvern bites your adder skeleton!
The gnoll sergeant hits you from afar with a trident.
* * * LOW HITPOINT WARNING * * *
You feel better. The wyvern bites your adder skeleton!
Your adder skeleton is destroyed!
The orc warrior hits you with a great sword!!
You die...

## ##.........#
..# #..........#
. ..#
##......[...# . #
..# #........(..#
.#)#..#
##...........#
.###..#
#oo..........#
......#
##l##..........#
../g..#
##.o##..........#
.##o.##
#.@####.........#
.##.## ##o##
#.....>...# #.).#
##gs# #.........
#..## #..##
#......... ##..#
##..# #........
##.## ##..##
##.## ##...#
#..## #...##
##g.###...#


You could see an orc warrior, a wyvern, a gnoll sergeant, a friendly scorpion
and 3 friendly orcs.

Vanquished Creatures
  Pikel (D:3)
  The ghost of EvilAshe the Sneak, an amateur NaIE (D:4)
  A black bear (D:4)
  An orc warrior (D:5)
  3 slaves
  The ghost of Tramtrist the Sneak, an amateur OpAs (D:3)
  Blork the orc (D:5)
  A bullfrog (D:4)
  A centaur skeleton (D:4)
  A hound (D:4)
  An orc priest (D:4)
  An orc wizard (D:4)
  Jessica (D:1)
  2 worker ants
  3 gnolls (D:5)
  5 adders
  A dart slug (D:3)
  A leopard gecko (D:4)
  9 orcs
  2 giant cockroaches
  2 goblins (D:1)
  6 hobgoblins
  3 jackals (D:4)
  2 ball pythons
  8 bats
  3 frilled lizards
  5 kobolds
  4 rats
71 creatures vanquished.

Vanquished Creatures (others)
  A quokka (D:4)
1 creature vanquished.

Grand Total: 72 creatures vanquished

Notes
Turn   | Place    | Note
-------+----------+-------------------------------------------
     0 | D:1      | batai666 the Gargoyle Earth Elementalist began the quest for the Orb.
     0 | D:1      | Reached XP level 1. HP: 10/10 MP: 3/3
   264 | D:1      | Reached XP level 2. HP: 15/15 MP: 3/5
   289 | D:1      | Reached skill level 4 in Earth Magic
  1035 | D:2      | Noticed Jessica
  1047 | D:1      | Killed Jessica
  1047 | D:1      | Reached XP level 3. HP: 14/19 MP: 4/7
  1052 | D:1      | Learned a level 3 spell: Stone Arrow
  1236 | D:2      | Found a basalt altar of Yredelemnul.
  1778 | D:2      | Reached XP level 4. HP: 20/24 MP: 3/8
  2025 | D:2      | Found a hazy altar of Hepliaklqana.
  2281 | D:3      | Reached skill level 1 in Conjurations
  2558 | D:3      | Reached skill level 5 in Earth Magic
  2587 | D:3      | Noticed Tramtrist's ghost (amateur OpAs)
  3393 | D:3      | Killed Tramtrist's ghost
  3393 | D:3      | Reached XP level 5. HP: 18/28 MP: 7/10
  3401 | D:3      | Learned a level 5 spell: Lee's Rapid Deconstruction
  3624 | D:4      | Noticed a slave
  3626 | D:4      | Noticed a slave
  3626 | D:4      | Noticed a slave
  3628 | D:4      | Noticed a slave
  3632 | D:4      | Killed a slave
  3719 | D:3      | Killed a slave
  3835 | D:3      | Killed a slave
  3912 | D:4      | Noticed Pikel
  3974 | D:3      | Killed Pikel
  3974 | D:3      | Reached skill level 6 in Earth Magic
  3974 | D:3      | Reached XP level 6. HP: 12/32 MP: 1/13
  3974 | D:3      | Reached XP level 7. HP: 13/36 MP: 1/14
  4442 | D:4      | Noticed EvilAshe's ghost (amateur NaIE)
  4460 | D:4      | Killed EvilAshe's ghost
  4460 | D:4      | Reached skill level 1 in Fighting
  4460 | D:4      | Reached skill level 1 in Maces & Flails
  4460 | D:4      | Reached skill level 1 in Armour
  4460 | D:4      | Reached skill level 7 in Earth Magic
  4460 | D:4      | Reached XP level 8. HP: 30/43 MP: 8/15
  4555 | D:4      | Found a white marble altar of Elyvilon.
  4673 | D:4      | Found a sparkling altar of Nemelex Xobeh.
  4673 | D:4      | Found a glowing golden altar of the Shining One.
  4791 | D:4      | Reached skill level 5 in Spellcasting
  4791 | D:4      | Reached skill level 1 in Evocations
  4792 | D:4      | Found a radiant altar of Vehumet.
  4916 | D:4      | Became a worshipper of Vehumet
  5537 | D:5      | Entered Level 5 of the Dungeon
  5773 | D:5      | Noticed Blork the orc
  5780 | D:5      | Killed Blork the orc
  6214 | D:5      | Noticed a wyvern
  6214 | D:5      | Reached skill level 5 in Conjurations
  6218 | D:5      | Mangled by an orc warrior

Skill      XL: |  1  2  3  4  5  6  7  8 |
---------------+-------------------------+-----
Earth Magic    | 4 5 6 7 |  7.3
Spellcasting   | 3 4 5 |  5.2
Conjurations   | 2 4 5 |  5.0
Fighting       | 1 2 |  2.0
Maces & Flails | 1 |  1.8
Armour         | 1 2 |  2.2
Dodging        | 2 |  2.3
Evocations     | 1 |  1.7
Stealth        | |  2.1
Transmutations | |  0.7

Action                   |  1- 3 |  4- 6 |  7- 9 || total
-------------------------+-------+-------+-------++-------
Melee: Club              |    56 |       |       ||    56
       Dagger            |       |    77 |       ||    77
       Whip              |       |       |    44 ||    44
 Cast: Sandblast         |    21 |    39 |    27 ||    87
       Stone Arrow       |       |    10 |    10 ||    20
       Lee's Rapid Decon |       |       |     4 ||     4
Evoke: Wand              |       |       |     2 ||     2
  Use: Scroll            |     3 |     3 |     1 ||     7
       Potion            |       |     4 |     5 ||     9
 Stab: Sleeping          |     1 |       |     1 ||     2
       Distracted        |       |       |     1 ||     1
  Eat: Chunk             |     3 |     4 |       ||     7
       Ration            |       |     1 |     3 ||     4
Armor: Robe              |    30 |    26 |    17 ||    73
Dodge: Dodged            |    39 |    65 |    34 ||   138
